WCHLSIM.com - West Coast Hockey League
html PUBLIC "-//W3C//DTD XHTML 1.0 Transitional//EN" "http://www.w3.org/TR/xhtml1/DTD/xhtml1-transitional.dtd"> WCHL - Game 405 - VANCOUVER VOODOO vs NORTH DAKOTA HAWKS

VANCOUVER VOODOO vs NORTH DAKOTA HAWKS

Created - 10 décembre 2023 at 06:59

Goals
1 2 3 T
VANCOUVER VOODOO 1 0 0 1
NORTH DAKOTA HAWKS 0 1 2 3
Shots
1 2 3 T
VANCOUVER VOODOO 7 9 10 26
NORTH DAKOTA HAWKS 8 10 14 32

1st period

1. VANCOUVER VOODOO , Rafael Harvey-Pinard 2 (Conor Garland 10, Nicolas Roy 16) at 10:25

Penalties :
Erik Johnson (NDH) for High sticking (Minor) at 7:45

2nd period

2. NORTH DAKOTA HAWKS , Nick Suzuki 15 (Jake DeBrusk 16, Reyley Smith 17) at 11:07

Penalties :
Jonathan Drouin (VAN) for Holding (Minor) at 7:27

3rd period

3. NORTH DAKOTA HAWKS , Nick Suzuki 16 (Reyley Smith 18, Jake DeBrusk 17) at 2:37
4. NORTH DAKOTA HAWKS , Frederick Gaudreau 9 (Ryan Lindgren 1, Jordan Kyrou 10) at 16:21

Penalties :
Josh Anderson (VAN) for Tripping (Minor) at 4:20

Goalie Stats

Filip Gustavsson (VAN), 29 saves from 32 shots - (0,906), L, 4-9-0, 60:00 minutes
Scott Wedgewood (NDH), 25 saves from 26 shots - (0,962), W, 4-1-2, 60:00 minutes

Players Stats for VANCOUVER VOODOO

Player Name              G  A  P  +/- PIM S  H  SB GA TA FO     MP     PP MP  PK MP  
------------------------------------------------------------------------------------
Alex Newhook             0  0  0   0  0   3  0  0  0  0  0/0    14:38   1:09   0:00 
Braden Schneider         0  0  0   0  0   0  3  0  0  0  0/0    21:04   0:50   2:02 
Brendan Gallagher        0  0  0   0  0   0  0  0  0  0  0/0     8:13   0:50   0:00 
Calen Addison            0  0  0   0  0   0  0  0  0  0  0/0    18:23   0:11   0:00 
Callan Foote             0  0  0  -1  0   0  0  2  0  0  0/0    19:16   0:58   0:49 
Christian Dvorak         0  0  0  -1  0   2  0  0  0  0  16/27  19:02   0:00   2:29 
Cole Sillinger           0  0  0   0  0   1  1  1  0  0  2/4     7:23   0:00   0:00 
Conor Garland            0  1  1  -1  0   1  1  1  0  0  0/2    17:28   0:50   0:00 
Jonathan Drouin          0  0  0  -1  2   3  0  0  0  0  0/1    17:22   0:50   0:00 
Jordan Harris            0  0  0  -1  0   0  0  1  0  0  0/0    21:27   1:09   1:56 
Josh Anderson            0  0  0  -1  2   4  4  0  0  0  0/2    16:32   0:00   0:00 
Josh Bailey              0  0  0   0  0   1  0  0  0  0  1/1    14:38   1:09   0:00 
Logan Stanley            0  0  0  -1  0   0  2  0  0  0  0/0    18:04   0:00   1:01 
Max Pacioretty           0  0  0   0  0   0  0  0  0  0  0/0     7:23   0:00   0:00 
Nicolas Hague            0  0  0  -1  0   2  4  0  0  0  0/0    21:46   0:50   2:08 
Nicolas Roy              0  1  1  -1  0   3  1  1  0  0  15/23  20:16   1:09   2:29 
Radek Faksa              0  0  0   0  0   1  2  0  0  0  12/16  14:58   0:00   1:29 
Rafael Harvey-Pinard     1  0  1  -1  0   5  0  0  0  0  0/0    18:07   0:00   1:29 

Players Stats for NORTH DAKOTA HAWKS

Player Name              G  A  P  +/- PIM S  H  SB GA TA FO     MP     PP MP  PK MP  
------------------------------------------------------------------------------------
Akito Hirose             0  0  0   1  0   0  0  0  0  0  0/0    18:48   1:43   0:21 
Alex Belzile             0  0  0   0  0   1  0  0  0  0  2/6     8:53   0:00   0:00 
Ben Hutton               0  0  0   0  0   0  1  0  0  0  0/0    18:44   0:00   1:01 
Connor Clifton           0  0  0   1  0   1  2  0  0  0  0/0    17:24   0:00   0:40 
Dillon Dube              0  0  0  -1  0   1  1  1  0  0  0/0    16:11   2:15   1:01 
Emil Bemstrom            0  0  0  -1  0   2  0  0  0  0  0/0    14:38   1:43   0:00 
Erik Johnson             0  0  0   0  2   0  0  1  0  0  0/0    17:42   0:00   0:00 
Frederick Gaudreau       1  0  1   1  0   5  2  0  0  0  9/22   19:07   1:44   1:01 
Garnet Hathaway          0  0  0   0  0   0  1  0  0  0  1/1     9:51   0:00   0:58 
Jake DeBrusk             0  2  2   2  0   5  0  0  0  0  0/2    18:07   2:14   0:00 
Jason Robertson          0  0  0   1  0   5  0  0  0  0  0/1    18:06   1:44   0:00 
Jordan Kyrou             0  1  1   1  0   3  2  0  0  0  0/1    18:06   1:44   0:00 
Mathew Dumba             0  0  0   1  0   0  2  4  0  0  0/0    20:34   0:00   0:58 
Nathan Walker            0  0  0   0  0   0  0  0  0  0  0/0     8:53   0:00   0:00 
Nick Suzuki              2  0  2   2  0   6  1  0  0  0  10/23  18:07   2:14   0:00 
Nico Sturm               0  0  0  -1  0   1  1  0  0  0  6/16   13:53   0:00   0:58 
Reyley Smith             0  2  2   2  0   2  1  0  0  0  2/4    18:07   2:14   0:00 
Ryan Lindgren            0  1  1   1  0   0  2  1  0  0  0/0    22:49   2:15   0:58 

3 Stars

1 - Nick Suzuki (NDH)
2 - Reyley Smith (NDH)
3 - Frederick Gaudreau (NDH)

Power Play

VANCOUVER VOODOO - 0 on 1 Attempt(s) - 0,00%
NORTH DAKOTA HAWKS - 0 on 2 Attempt(s) - 0,00%

Penalty Kill

VANCOUVER VOODOO - 2 on 2 Attempt(s) - 100,00% - Score 0 goal in Penalty Kill
NORTH DAKOTA HAWKS - 1 on 1 Attempt(s) - 100,00% - Score 0 goal in Penalty Kill

Team Stat

VANCOUVER VOODOO - Hits : 18 - Faceoff Wins : 46 - Blocked Shots : 6 - Penalty Minutes : 4
NORTH DAKOTA HAWKS - Hits : 16 - Faceoff Wins : 30 - Blocked Shots : 7 - Penalty Minutes : 2

Official

Referees : Kendrick Nicholson and Ian Walsh
Linesman : Steve Barton and Dennis Urban

Game Notes

No Game Note

Finance

Level 1 -- Attendance: 6000 (100,00%) -- Ticket Income 960 000 $
Level 2 -- Attendance: 5000 (100,00%) -- Ticket Income 550 000 $
Level 3 -- Attendance: 2000 (100,00%) -- Ticket Income 180 000 $
Level 4 -- Attendance: 4000 (100,00%) -- Ticket Income 240 000 $
Luxury Box -- Attendance: 997 (99,70%) -- Ticket Income 294 115 $
Total Attendance: 17997 (99,98%)
Total Ticket Income: 2 224 115 $
Other Expense: 22 241 $
Total Income: 2 201 874 $

VANCOUVER VOODOO

5 vs 5 Forward 
   Center                   Left Wing                Right Wing               Time % Phy DF OF 
 1 Nicolas Roy              Rafael Harvey-Pinard     Conor Garland            33     1   1  3  
 2 Christian Dvorak         Jonathan Drouin          Josh Anderson            32     2   1  2  
 3 Radek Faksa              Alex Newhook             Josh Bailey              26     1   3  1  
 4 Cole Sillinger           Max Pacioretty           Brendan Gallagher        9      1   2  2  

5 vs 5 Defense 
   Defense                  Defense                                           Time % Phy DF OF 
 1 Nicolas Hague            Jordan Harris                                     36     2   2  1  
 2 Calen Addison            Braden Schneider                                  35     1   1  3  
 3 Logan Stanley            Callan Foote                                      29     2   2  1  
 4 Nicolas Hague            Callan Foote                                      0      1   2  2  

PowerPlay Forward 
   Center                   Left Wing                Right Wing               Time % Phy DF OF 
 1 Jonathan Drouin          Conor Garland            Brendan Gallagher        53     1   0  4  
 2 Nicolas Roy              Alex Newhook             Josh Bailey              47     2   1  2  

PowerPlay Defense
   Defense                  Defense                                           Time % Phy DF OF 
 1 Jordan Harris            Calen Addison                                     53     1   1  3  
 2 Braden Schneider         Nicolas Hague                                     47     1   2  2  

Penalty Kill 4 Players Forward 
   Center                   Wing                     Time % Phy DF OF 
 1 Christian Dvorak         Nicolas Roy              53     1   4  0  
 2 Radek Faksa              Rafael Harvey-Pinard     47     2   2  1  

Penalty Kill 4 Players Defense
   Defense                  Defense                  Time % Phy DF OF 
 1 Nicolas Hague            Braden Schneider         53     2   3  0  
 2 Logan Stanley            Jordan Harris            47     1   3  1  

Penalty Kill - 3 Players Forward 
   Forward                                           Time % Phy DF OF 
 1 Radek Faksa                                       55     1   4  0  
 2 Rafael Harvey-Pinard                              45     2   3  0  

Penalty Kill - 3 Players Defense
   Defense                  Defense                  Time % Phy DF OF 
 1 Nicolas Hague            Braden Schneider         52     1   4  0  
 2 Jordan Harris            Logan Stanley            48     1   3  1  

4 vs 4 Forward 
   Center                   Wing                     Time % Phy DF OF 
 1 Radek Faksa              Conor Garland            51     1   2  2  
 2 Cole Sillinger           Rafael Harvey-Pinard     49     2   1  2  

4 vs 4 Defense
   Defense                  Defense                  Time % Phy DF OF 
 1 Nicolas Hague            Logan Stanley            52     1   2  2  
 2 Callan Foote             Braden Schneider         48     1   2  2  

Last Minutes Offensive
   Center                   Left Wing                Right Wing               Defense                  Defense                  
   Nicolas Roy              Jonathan Drouin          Conor Garland            Nicolas Hague            Calen Addison            

Last Minutes Defensive
   Center                   Left Wing                Right Wing               Defense                  Defense                  
   Christian Dvorak         Josh Anderson            Nicolas Roy              Nicolas Hague            Braden Schneider         

Goaltenders
Starting : Filip Gustavsson         
Backup : Samuel Montembeault      

Extra Forwards
Normal : Josh Anderson, Brendan Gallagher, Josh Bailey - PP : Rafael Harvey-Pinard, Cole Sillinger - PK : Josh Bailey
Extra Defensemen
Normal : Logan Stanley, Callan Foote, Jordan Harris - PP : Callan Foote - PK : Callan Foote, Jordan Harris
Penalty Shots
Nicolas Roy, Conor Garland, Josh Anderson, Jonathan Drouin, Alex Newhook
Custom OT Lines Forwards
Josh Anderson, Nicolas Roy, Jonathan Drouin, Conor Garland, Christian Dvorak, Rafael Harvey-Pinard, Alex Newhook, Cole Sillinger, Radek Faksa, Josh Bailey
Custom OT Lines Defensemen
Nicolas Hague, Jordan Harris, Braden Schneider, Calen Addison, Callan Foote

Scratches
Sebastien Aho (Left Wrist Injury), Tom Wilson (Herniated Disc Injury), Joshua Norris (Healthy), Joonas Korpisalo (Healthy)

NORTH DAKOTA HAWKS

5 vs 5 Forward 
   Center                   Left Wing                Right Wing               Time % Phy DF OF 
 1 Frederick Gaudreau       Jason Robertson          Jordan Kyrou             30     0   2  3  
 2 Nick Suzuki              Jake DeBrusk             Reyley Smith             30     0   2  3  
 3 Nico Sturm               Dillon Dube              Emil Bemstrom            24     0   4  1  
 4 Alex Belzile             Nathan Walker            Garnet Hathaway          16     0   5  0  

5 vs 5 Defense 
   Defense                  Defense                                           Time % Phy DF OF 
 1 Ryan Lindgren            Mathew Dumba                                      37     0   4  1  
 2 Ben Hutton               Erik Johnson                                      35     0   5  0  
 3 Akito Hirose             Connor Clifton                                    15     0   5  0  
 4 Akito Hirose             Connor Clifton                                    13     0   5  0  

PowerPlay Forward 
   Center                   Left Wing                Right Wing               Time % Phy DF OF 
 1 Nick Suzuki              Jake DeBrusk             Reyley Smith             65     1   0  4  
 2 Frederick Gaudreau       Jason Robertson          Jordan Kyrou             35     1   0  4  

PowerPlay Defense
   Defense                  Defense                                           Time % Phy DF OF 
 1 Ryan Lindgren            Dillon Dube                                       65     0   0  5  
 2 Akito Hirose             Emil Bemstrom                                     35     0   0  5  

Penalty Kill 4 Players Forward 
   Center                   Wing                     Time % Phy DF OF 
 1 Frederick Gaudreau       Dillon Dube              55     0   4  1  
 2 Nico Sturm               Garnet Hathaway          45     0   4  1  

Penalty Kill 4 Players Defense
   Defense                  Defense                  Time % Phy DF OF 
 1 Ryan Lindgren            Mathew Dumba             55     0   5  0  
 2 Ben Hutton               Erik Johnson             45     0   5  0  

Penalty Kill - 3 Players Forward 
   Forward                                           Time % Phy DF OF 
 1 Frederick Gaudreau                                55     0   5  0  
 2 Nico Sturm                                        45     0   5  0  

Penalty Kill - 3 Players Defense
   Defense                  Defense                  Time % Phy DF OF 
 1 Ryan Lindgren            Mathew Dumba             55     0   5  0  
 2 Ben Hutton               Erik Johnson             45     0   5  0  

4 vs 4 Forward 
   Center                   Wing                     Time % Phy DF OF 
 1 Frederick Gaudreau       Jason Robertson          55     0   1  4  
 2 Nick Suzuki              Jake DeBrusk             45     0   1  4  

4 vs 4 Defense
   Defense                  Defense                  Time % Phy DF OF 
 1 Ryan Lindgren            Mathew Dumba             55     0   1  4  
 2 Ben Hutton               Erik Johnson             45     0   4  1  

Last Minutes Offensive
   Center                   Left Wing                Right Wing               Defense                  Defense                  
   Nick Suzuki              Jason Robertson          Jordan Kyrou             Mathew Dumba             Ryan Lindgren            

Last Minutes Defensive
   Center                   Left Wing                Right Wing               Defense                  Defense                  
   Nick Suzuki              Jake DeBrusk             Reyley Smith             Ryan Lindgren            Mathew Dumba             

Goaltenders
Starting : Scott Wedgewood          
Backup : Linus Ullmark            

Extra Forwards
Normal : Nico Sturm, Emil Bemstrom, Nathan Walker - PP : Frederick Gaudreau, Nico Sturm - PK : Nick Suzuki
Extra Defensemen
Normal : Connor Clifton, Erik Johnson, Ben Hutton - PP : Connor Clifton - PK : Connor Clifton, Akito Hirose
Penalty Shots
Jordan Kyrou, Jason Robertson, Dillon Dube, Nick Suzuki, Jake DeBrusk
Custom OT Lines Forwards
Alex Belzile, Jason Robertson, Jordan Kyrou, Nick Suzuki, Jake DeBrusk, Reyley Smith, Frederick Gaudreau, Dillon Dube, Nico Sturm, Emil Bemstrom
Custom OT Lines Defensemen
Ryan Lindgren, Erik Johnson, Mathew Dumba, Connor Clifton, Ben Hutton

Scratches
Cale Makar (Torn Left Knee Ligaments Injury), Jack Hughes (Strained Back Injury), Nick Blankenburg (Upper Body Injury)

% Time on Ice - VANCOUVER VOODOO

Lines # - Real PCT - Wanted PCT - Time Play
Normal Forward
1 - 31% - 33% - 16:38
2 - 31% - 32% - 16:33
3 - 25% - 26% - 13:29
4 - 14% - 9% - 7:23
Normal Defense
1 - 34% - 36% - 18:22
2 - 34% - 35% - 18:12
3 - 32% - 29% - 17:03
4 - 1% - 0% - 0:26
PP Forward
1 - 42% - 53% - 0:50
2 - 58% - 47% - 1:09
PP Defense
1 - 58% - 53% - 1:09
2 - 42% - 47% - 0:50
PK Forward
1 - 63% - 53% - 2:29
2 - 37% - 47% - 1:29
PK Defense
1 - 51% - 53% - 2:02
2 - 49% - 47% - 1:56
PK3 Forward
1 - 0% - 55%
2 - 0% - 45%
PK3 Defense
1 - 0% - 52%
2 - 0% - 48%
44 Forward
1 - 0% - 51%
2 - 0% - 49%
44 Defense
1 - 0% - 52%
2 - 0% - 48%
Last Minute Offensive  - 0:00
Last Minute Defensive  - 0:00
Total
Forward - 60:00
Defense - 60:00

% Time on Ice - NORTH DAKOTA HAWKS

Lines # - Real PCT - Wanted PCT - Time Play
Normal Forward
1 - 30% - 30% - 16:22
2 - 29% - 30% - 15:53
3 - 24% - 24% - 12:55
4 - 16% - 16% - 8:53
Normal Defense
1 - 36% - 37% - 19:36
2 - 33% - 35% - 17:43
3 - 16% - 15% - 8:33
4 - 15% - 13% - 8:11
PP Forward
1 - 56% - 65% - 2:14
2 - 44% - 35% - 1:44
PP Defense
1 - 57% - 65% - 2:15
2 - 43% - 35% - 1:43
PK Forward
1 - 51% - 55% - 1:01
2 - 49% - 45% - 0:58
PK Defense
1 - 49% - 55% - 0:58
2 - 51% - 45% - 1:01
PK3 Forward
1 - 0% - 55%
2 - 0% - 45%
PK3 Defense
1 - 0% - 55%
2 - 0% - 45%
44 Forward
1 - 0% - 55%
2 - 0% - 45%
44 Defense
1 - 0% - 55%
2 - 0% - 45%
Last Minute Offensive  - 0:00
Last Minute Defensive  - 0:00
Total
Forward - 60:00
Defense - 60:00

Play-by-Play

1st period


0:01 of 1st period - Nicolas Roy wins face-off versus Frederick Gaudreau in neutral zone.
0:32 of 1st period - Shot by Jason Robertson.
0:32 of 1st period - Stopped by Filip Gustavsson with a rebound.
0:36 of 1st period - Shot by Jordan Kyrou.
0:36 of 1st period - Stopped by Filip Gustavsson with a rebound.
0:47 of 1st period - Frederick Gaudreau is hit by Nicolas Hague and loses puck.
0:55 of 1st period - Icing by Jordan Harris.
0:56 of 1st period - Nicolas Roy wins face-off versus Nick Suzuki in VANCOUVER VOODOO zone.
1:15 of 1st period - Braden Schneider is hit by Nick Suzuki and loses puck.
1:34 of 1st period - Shot by Christian Dvorak.
1:34 of 1st period - Stopped by Scott Wedgewood without a rebound.
1:35 of 1st period - Radek Faksa wins face-off versus Nico Sturm in NORTH DAKOTA HAWKS zone.
2:32 of 1st period - Shot by Alex Belzile.
2:32 of 1st period - Stopped by Filip Gustavsson without a rebound.
2:33 of 1st period - Nick Suzuki wins face-off versus Christian Dvorak in VANCOUVER VOODOO zone.
2:33 of 1st period - Jake DeBrusk is hit by Braden Schneider.
2:50 of 1st period - Nick Suzuki is hit by Braden Schneider and loses puck.
3:13 of 1st period - Shot by Jake DeBrusk.
3:13 of 1st period - Stopped by Filip Gustavsson without a rebound.
3:14 of 1st period - Cole Sillinger wins face-off versus Alex Belzile in VANCOUVER VOODOO zone.
3:19 of 1st period - Shot by Nicolas Hague.
3:19 of 1st period - Shot Blocked by Mathew Dumba.
4:40 of 1st period - Icing by Logan Stanley.
4:41 of 1st period - Nicolas Roy wins face-off versus Frederick Gaudreau in VANCOUVER VOODOO zone.
6:15 of 1st period - Shot by Radek Faksa.
6:15 of 1st period - Shot Misses the Net.
6:17 of 1st period - Shot by Nicolas Hague.
6:17 of 1st period - Shot Misses the Net.
6:21 of 1st period - Shot by Alex Newhook.
6:21 of 1st period - Shot Misses the Net.
6:23 of 1st period - Shot by Radek Faksa.
6:23 of 1st period - Stopped by Scott Wedgewood without a rebound.
6:24 of 1st period - Nico Sturm wins face-off versus Conor Garland in NORTH DAKOTA HAWKS zone.
6:31 of 1st period - Shot by Rafael Harvey-Pinard.
6:31 of 1st period - Shot Misses the Net.
6:38 of 1st period - Shot by Nicolas Roy.
6:38 of 1st period - Deflect By Rafael Harvey-Pinard.
6:38 of 1st period - Stopped by Scott Wedgewood without a rebound.
6:39 of 1st period - Cole Sillinger wins face-off versus Reyley Smith in NORTH DAKOTA HAWKS zone.
7:42 of 1st period - Icing by Dillon Dube.
7:43 of 1st period - Radek Faksa wins face-off versus Nico Sturm in NORTH DAKOTA HAWKS zone.
7:45 of 1st period - Minor Penalty to Erik Johnson for High sticking.
7:46 of 1st period - Nicolas Roy wins face-off versus Frederick Gaudreau in NORTH DAKOTA HAWKS zone.
7:51 of 1st period - Shot by Alex Newhook.
7:51 of 1st period - Deflect By Nicolas Roy.
7:51 of 1st period - Stopped by Scott Wedgewood with a rebound.
7:53 of 1st period - Shot by Nicolas Roy.
7:53 of 1st period - Stopped by Scott Wedgewood without a rebound.
7:54 of 1st period - Frederick Gaudreau wins face-off versus Nicolas Roy in NORTH DAKOTA HAWKS zone.
8:05 of 1st period - Jordan Harris is hit by Dillon Dube and loses puck.
8:55 of 1st period - Shot by Jonathan Drouin.
8:55 of 1st period - Shot Blocked by Dillon Dube.
8:57 of 1st period - Shot by Nicolas Hague.
8:57 of 1st period - Stopped by Scott Wedgewood without a rebound.
8:58 of 1st period - Nico Sturm wins face-off versus Jonathan Drouin in NORTH DAKOTA HAWKS zone.
9:13 of 1st period - Shot by Jonathan Drouin.
9:13 of 1st period - Shot Misses the Net.
10:02 of 1st period - Shot by Jake DeBrusk.
10:02 of 1st period - Shot Misses the Net.
10:04 of 1st period - Shot by Jake DeBrusk.
10:04 of 1st period - Stopped by Filip Gustavsson without a rebound.
10:05 of 1st period - Nicolas Roy wins face-off versus Nico Sturm in VANCOUVER VOODOO zone.
10:05 of 1st period - Nicolas Roy is hit by Nico Sturm.
10:11 of 1st period - Shot by Rafael Harvey-Pinard.
10:11 of 1st period - Shot Misses the Net.
10:25 of 1st period - Shot by Rafael Harvey-Pinard.
10:25 of 1st period - Goal by Rafael Harvey-Pinard - VANCOUVER VOODOO : 1 - NORTH DAKOTA HAWKS : 0.
10:26 of 1st period - Nick Suzuki wins face-off versus Radek Faksa in neutral zone.
10:57 of 1st period - Shot by Reyley Smith.
10:57 of 1st period - Shot Misses the Net.
10:59 of 1st period - Shot by Nick Suzuki.
10:59 of 1st period - Stopped by Filip Gustavsson with a rebound.
11:40 of 1st period - Off-side.
11:41 of 1st period - Nico Sturm wins face-off versus Christian Dvorak in neutral zone.
11:46 of 1st period - Shot by Dillon Dube.
11:46 of 1st period - Shot Misses the Net.
11:49 of 1st period - Icing by Nicolas Hague.
11:50 of 1st period - Christian Dvorak wins face-off versus Jason Robertson in VANCOUVER VOODOO zone.
13:12 of 1st period - Shot by Emil Bemstrom.
13:12 of 1st period - Stopped by Filip Gustavsson without a rebound.
13:13 of 1st period - Radek Faksa wins face-off versus Alex Belzile in VANCOUVER VOODOO zone.
13:24 of 1st period - Logan Stanley is hit by Garnet Hathaway and loses puck.
13:41 of 1st period - Shot by Radek Faksa.
13:41 of 1st period - Shot Misses the Net.
14:04 of 1st period - Shot by Nick Suzuki.
14:04 of 1st period - Shot Misses the Net.
14:06 of 1st period - Shot by Jake DeBrusk.
14:06 of 1st period - Shot Blocked by Callan Foote.
14:08 of 1st period - Shot by Jake DeBrusk.
14:08 of 1st period - Shot Misses the Net.
14:20 of 1st period - Shot by Jake DeBrusk.
14:20 of 1st period - Shot Misses the Net.
14:22 of 1st period - Shot by Connor Clifton.
14:22 of 1st period - Stopped by Filip Gustavsson without a rebound.
14:23 of 1st period - Nicolas Roy wins face-off versus Nico Sturm in VANCOUVER VOODOO zone.
15:14 of 1st period - Off-side.
15:15 of 1st period - Christian Dvorak wins face-off versus Frederick Gaudreau in neutral zone.
15:37 of 1st period - Icing by Jordan Harris.
15:38 of 1st period - Christian Dvorak wins face-off versus Nick Suzuki in VANCOUVER VOODOO zone.
15:50 of 1st period - Jake DeBrusk is hit by Josh Anderson and loses puck.
16:03 of 1st period - Icing by Christian Dvorak.
16:04 of 1st period - Frederick Gaudreau wins face-off versus Josh Anderson in VANCOUVER VOODOO zone.
16:26 of 1st period - Shot by Nicolas Roy.
16:26 of 1st period - Shot Misses the Net.
16:29 of 1st period - Icing by Jordan Kyrou.
16:30 of 1st period - Frederick Gaudreau wins face-off versus Nicolas Roy in NORTH DAKOTA HAWKS zone.
16:39 of 1st period - Rafael Harvey-Pinard is hit by Frederick Gaudreau and loses puck.
16:52 of 1st period - Shot by Jason Robertson.
16:52 of 1st period - Shot Misses the Net.
16:54 of 1st period - Shot by Jason Robertson.
16:54 of 1st period - Shot Misses the Net.
18:22 of 1st period - Icing by Connor Clifton.
18:23 of 1st period - Christian Dvorak wins face-off versus Nick Suzuki in NORTH DAKOTA HAWKS zone.
18:24 of 1st period - Shot by Josh Anderson.
18:24 of 1st period - Shot Misses the Net.
19:59 of 1st period - Shot by Jason Robertson.
19:59 of 1st period - Deflect By Jordan Kyrou.
19:59 of 1st period - Shot Misses the Net.
Goals for this period are 1 for VANCOUVER VOODOO vs 0 for NORTH DAKOTA HAWKS.
Shots for this period are 7 for VANCOUVER VOODOO vs 8 for NORTH DAKOTA HAWKS.

2nd period


0:01 of 2nd period - Garnet Hathaway wins face-off versus Nicolas Roy in neutral zone.
0:51 of 2nd period - Shot by Jason Robertson.
0:51 of 2nd period - Stopped by Filip Gustavsson without a rebound.
0:52 of 2nd period - Radek Faksa wins face-off versus Nico Sturm in VANCOUVER VOODOO zone.
1:02 of 2nd period - Radek Faksa is hit by Connor Clifton and loses puck.
1:09 of 2nd period - Shot by Alex Newhook.
1:09 of 2nd period - Shot Misses the Net.
1:11 of 2nd period - Shot by Alex Newhook.
1:11 of 2nd period - Shot Misses the Net.
1:32 of 2nd period - Radek Faksa is hit by Connor Clifton and loses puck.
1:50 of 2nd period - Christian Dvorak is hit by Frederick Gaudreau and loses puck.
2:05 of 2nd period - Shot by Jonathan Drouin.
2:05 of 2nd period - Stopped by Scott Wedgewood without a rebound.
2:06 of 2nd period - Nicolas Roy wins face-off versus Alex Belzile in NORTH DAKOTA HAWKS zone.
2:36 of 2nd period - Shot by Nicolas Roy.
2:36 of 2nd period - Deflect By Rafael Harvey-Pinard.
2:36 of 2nd period - Shot Misses the Net.
3:51 of 2nd period - Shot by Jordan Kyrou.
3:51 of 2nd period - Stopped by Filip Gustavsson without a rebound.
3:52 of 2nd period - Nick Suzuki wins face-off versus Cole Sillinger in VANCOUVER VOODOO zone.
4:08 of 2nd period - Shot by Brendan Gallagher.
4:08 of 2nd period - Shot Misses the Net.
4:10 of 2nd period - Shot by Nicolas Hague.
4:10 of 2nd period - Shot Misses the Net.
4:12 of 2nd period - Shot by Cole Sillinger.
4:12 of 2nd period - Stopped by Scott Wedgewood with a rebound.
4:26 of 2nd period - Shot by Nicolas Hague.
4:26 of 2nd period - Stopped by Scott Wedgewood without a rebound.
4:27 of 2nd period - Frederick Gaudreau wins face-off versus Nicolas Roy in NORTH DAKOTA HAWKS zone.
4:48 of 2nd period - Shot by Jason Robertson.
4:48 of 2nd period - Stopped by Filip Gustavsson without a rebound.
4:49 of 2nd period - Josh Bailey wins face-off versus Nico Sturm in VANCOUVER VOODOO zone.
6:35 of 2nd period - Icing by Mathew Dumba.
6:36 of 2nd period - Nicolas Roy wins face-off versus Frederick Gaudreau in NORTH DAKOTA HAWKS zone.
6:41 of 2nd period - Shot by Rafael Harvey-Pinard.
6:41 of 2nd period - Stopped by Scott Wedgewood without a rebound.
6:42 of 2nd period - Nick Suzuki wins face-off versus Nicolas Roy in NORTH DAKOTA HAWKS zone.
6:49 of 2nd period - Shot by Nick Suzuki.
6:49 of 2nd period - Shot Blocked by Conor Garland.
6:51 of 2nd period - Shot by Nick Suzuki.
6:51 of 2nd period - Stopped by Filip Gustavsson without a rebound.
6:52 of 2nd period - Nick Suzuki wins face-off versus Christian Dvorak in VANCOUVER VOODOO zone.
6:58 of 2nd period - Nick Suzuki is hit by Braden Schneider and loses puck.
7:27 of 2nd period - Minor Penalty to Jonathan Drouin for Holding.
7:28 of 2nd period - Frederick Gaudreau wins face-off versus Christian Dvorak in VANCOUVER VOODOO zone.
7:51 of 2nd period - Shot by Jason Robertson.
7:51 of 2nd period - Stopped by Filip Gustavsson without a rebound.
7:52 of 2nd period - Nick Suzuki wins face-off versus Christian Dvorak in VANCOUVER VOODOO zone.
8:22 of 2nd period - Shot by Emil Bemstrom.
8:22 of 2nd period - Stopped by Filip Gustavsson with a rebound.
8:24 of 2nd period - Shot by Nick Suzuki.
8:24 of 2nd period - Shot Misses the Net.
8:26 of 2nd period - Shot by Jake DeBrusk.
8:26 of 2nd period - Shot Misses the Net.
8:59 of 2nd period - Rafael Harvey-Pinard is hit by Jordan Kyrou and loses puck.
9:33 of 2nd period - Off-side.
9:34 of 2nd period - Alex Belzile wins face-off versus Cole Sillinger in neutral zone.
10:01 of 2nd period - Erik Johnson is hit by Cole Sillinger and loses puck.
10:48 of 2nd period - Reyley Smith is hit by Nicolas Hague and loses puck.
11:07 of 2nd period - Shot by Nick Suzuki.
11:07 of 2nd period - Goal by Nick Suzuki - VANCOUVER VOODOO : 1 - NORTH DAKOTA HAWKS : 1.
11:08 of 2nd period - Frederick Gaudreau wins face-off versus Christian Dvorak in neutral zone.
11:17 of 2nd period - Shot by Jordan Kyrou.
11:17 of 2nd period - Stopped by Filip Gustavsson without a rebound.
11:18 of 2nd period - Nico Sturm wins face-off versus Radek Faksa in VANCOUVER VOODOO zone.
11:44 of 2nd period - Icing by Mathew Dumba.
11:45 of 2nd period - Nico Sturm wins face-off versus Christian Dvorak in NORTH DAKOTA HAWKS zone.
12:00 of 2nd period - Ryan Lindgren is hit by Josh Anderson and loses puck.
12:12 of 2nd period - Shot by Christian Dvorak.
12:12 of 2nd period - Shot Blocked by Mathew Dumba.
12:35 of 2nd period - Icing by Erik Johnson.
12:36 of 2nd period - Frederick Gaudreau wins face-off versus Nicolas Roy in NORTH DAKOTA HAWKS zone.
12:36 of 2nd period - Frederick Gaudreau is hit by Conor Garland.
12:53 of 2nd period - Conor Garland is hit by Jordan Kyrou and loses puck.
14:17 of 2nd period - Shot by Nick Suzuki.
14:17 of 2nd period - Shot Misses the Net.
14:44 of 2nd period - Icing by Akito Hirose.
14:45 of 2nd period - Radek Faksa wins face-off versus Nick Suzuki in NORTH DAKOTA HAWKS zone.
14:50 of 2nd period - Shot by Alex Newhook.
14:50 of 2nd period - Stopped by Scott Wedgewood with a rebound.
15:15 of 2nd period - Josh Bailey is hit by Ryan Lindgren and loses puck.
15:29 of 2nd period - Shot by Nico Sturm.
15:29 of 2nd period - Shot Misses the Net.
15:36 of 2nd period - Shot by Dillon Dube.
15:36 of 2nd period - Stopped by Filip Gustavsson without a rebound.
15:37 of 2nd period - Christian Dvorak wins face-off versus Frederick Gaudreau in VANCOUVER VOODOO zone.
15:50 of 2nd period - Ben Hutton is hit by Josh Anderson and loses puck.
17:40 of 2nd period - Shot by Nick Suzuki.
17:40 of 2nd period - Stopped by Filip Gustavsson without a rebound.
17:41 of 2nd period - Nicolas Roy wins face-off versus Nico Sturm in VANCOUVER VOODOO zone.
17:49 of 2nd period - Icing by Nico Sturm.
17:50 of 2nd period - Christian Dvorak wins face-off versus Nico Sturm in NORTH DAKOTA HAWKS zone.
17:51 of 2nd period - Shot by Jonathan Drouin.
17:51 of 2nd period - Deflect By Christian Dvorak.
17:51 of 2nd period - Stopped by Scott Wedgewood with a rebound.
18:03 of 2nd period - Shot by Josh Anderson.
18:03 of 2nd period - Stopped by Scott Wedgewood without a rebound.
18:04 of 2nd period - Frederick Gaudreau wins face-off versus Nicolas Roy in NORTH DAKOTA HAWKS zone.
18:21 of 2nd period - Shot by Rafael Harvey-Pinard.
18:21 of 2nd period - Shot Misses the Net.
18:23 of 2nd period - Shot by Rafael Harvey-Pinard.
18:23 of 2nd period - Stopped by Scott Wedgewood without a rebound.
18:24 of 2nd period - Christian Dvorak wins face-off versus Nick Suzuki in NORTH DAKOTA HAWKS zone.
18:25 of 2nd period - Shot by Josh Anderson.
18:25 of 2nd period - Stopped by Scott Wedgewood without a rebound.
18:26 of 2nd period - Christian Dvorak wins face-off versus Nick Suzuki in NORTH DAKOTA HAWKS zone.
18:27 of 2nd period - Shot by Jonathan Drouin.
18:27 of 2nd period - Shot Blocked by Ryan Lindgren.
18:58 of 2nd period - Jake DeBrusk is hit by Nicolas Hague.
19:13 of 2nd period - Icing by Mathew Dumba.
19:14 of 2nd period - Nicolas Roy wins face-off versus Nick Suzuki in NORTH DAKOTA HAWKS zone.
19:29 of 2nd period - Shot by Nicolas Roy.
19:29 of 2nd period - Shot Misses the Net.
19:46 of 2nd period - Off-side.
19:47 of 2nd period - Radek Faksa wins face-off versus Frederick Gaudreau in neutral zone.
Goals for this period are 0 for VANCOUVER VOODOO vs 1 for NORTH DAKOTA HAWKS.
Shots for this period are 9 for VANCOUVER VOODOO vs 10 for NORTH DAKOTA HAWKS.

3rd period


0:01 of 3rd period - Nicolas Roy wins face-off versus Jordan Kyrou in neutral zone.
0:03 of 3rd period - Rafael Harvey-Pinard is hit by Ben Hutton and loses puck.
0:26 of 3rd period - Shot by Nicolas Roy.
0:26 of 3rd period - Shot Blocked by Erik Johnson.
0:42 of 3rd period - Icing by Erik Johnson.
0:43 of 3rd period - Christian Dvorak wins face-off versus Frederick Gaudreau in NORTH DAKOTA HAWKS zone.
1:36 of 3rd period - Shot by Alex Newhook.
1:36 of 3rd period - Shot Blocked by Mathew Dumba.
1:38 of 3rd period - Shot by Radek Faksa.
1:38 of 3rd period - Shot Blocked by Mathew Dumba.
1:53 of 3rd period - Radek Faksa is hit by Ryan Lindgren and loses puck.
1:59 of 3rd period - Radek Faksa is hit by Mathew Dumba and loses puck.
2:25 of 3rd period - Icing by Nicolas Roy.
2:26 of 3rd period - Nick Suzuki wins face-off versus Conor Garland in VANCOUVER VOODOO zone.
2:33 of 3rd period - Shot by Reyley Smith.
2:33 of 3rd period - Deflect By Nick Suzuki.
2:33 of 3rd period - Shot Misses the Net.
2:35 of 3rd period - Shot by Reyley Smith.
2:35 of 3rd period - Stopped by Filip Gustavsson with a rebound.
2:37 of 3rd period - Shot by Nick Suzuki.
2:37 of 3rd period - Goal by Nick Suzuki - VANCOUVER VOODOO : 1 - NORTH DAKOTA HAWKS : 2.
2:38 of 3rd period - Alex Belzile wins face-off versus Josh Anderson in neutral zone.
2:45 of 3rd period - Shot by Connor Clifton.
2:45 of 3rd period - Shot Misses the Net.
3:10 of 3rd period - Shot by Josh Anderson.
3:10 of 3rd period - Stopped by Scott Wedgewood with a rebound.
3:38 of 3rd period - Shot by Conor Garland.
3:38 of 3rd period - Shot Misses the Net.
3:40 of 3rd period - Shot by Nicolas Roy.
3:40 of 3rd period - Stopped by Scott Wedgewood with a rebound.
3:42 of 3rd period - Shot by Rafael Harvey-Pinard.
3:42 of 3rd period - Shot Misses the Net.
4:05 of 3rd period - Shot by Conor Garland.
4:05 of 3rd period - Stopped by Scott Wedgewood without a rebound.
4:06 of 3rd period - Radek Faksa wins face-off versus Nick Suzuki in NORTH DAKOTA HAWKS zone.
4:11 of 3rd period - Shot by Alex Newhook.
4:11 of 3rd period - Stopped by Scott Wedgewood without a rebound.
4:12 of 3rd period - Radek Faksa wins face-off versus Nick Suzuki in NORTH DAKOTA HAWKS zone.
4:17 of 3rd period - Shot by Alex Newhook.
4:17 of 3rd period - Stopped by Scott Wedgewood without a rebound.
4:18 of 3rd period - Nick Suzuki wins face-off versus Christian Dvorak in NORTH DAKOTA HAWKS zone.
4:20 of 3rd period - Minor Penalty to Josh Anderson for Tripping.
4:21 of 3rd period - Reyley Smith wins face-off versus Christian Dvorak in VANCOUVER VOODOO zone.
4:26 of 3rd period - Shot by Nick Suzuki.
4:26 of 3rd period - Shot Misses the Net.
4:28 of 3rd period - Shot by Reyley Smith.
4:28 of 3rd period - Stopped by Filip Gustavsson without a rebound.
4:29 of 3rd period - Christian Dvorak wins face-off versus Nick Suzuki in VANCOUVER VOODOO zone.
4:49 of 3rd period - Shot by Nick Suzuki.
4:49 of 3rd period - Shot Blocked by Nicolas Roy.
4:51 of 3rd period - Shot by Jake DeBrusk.
4:51 of 3rd period - Stopped by Filip Gustavsson without a rebound.
4:52 of 3rd period - Frederick Gaudreau wins face-off versus Radek Faksa in VANCOUVER VOODOO zone.
5:01 of 3rd period - Shot by Frederick Gaudreau.
5:01 of 3rd period - Stopped by Filip Gustavsson without a rebound.
5:02 of 3rd period - Nick Suzuki wins face-off versus Christian Dvorak in VANCOUVER VOODOO zone.
5:38 of 3rd period - Icing by Emil Bemstrom.
5:39 of 3rd period - Nick Suzuki wins face-off versus Nicolas Roy in NORTH DAKOTA HAWKS zone.
5:39 of 3rd period - Nick Suzuki is hit by Nicolas Roy.
7:17 of 3rd period - Shot by Frederick Gaudreau.
7:17 of 3rd period - Stopped by Filip Gustavsson with a rebound.
7:38 of 3rd period - Jordan Kyrou is hit by Logan Stanley and loses puck.
8:12 of 3rd period - Off-side.
8:13 of 3rd period - Christian Dvorak wins face-off versus Nico Sturm in neutral zone.
8:28 of 3rd period - Dillon Dube is hit by Nicolas Hague and loses puck.
8:39 of 3rd period - Shot by Emil Bemstrom.
8:39 of 3rd period - Shot Blocked by Jordan Harris.
8:41 of 3rd period - Shot by Nico Sturm.
8:41 of 3rd period - Shot Misses the Net.
8:43 of 3rd period - Shot by Erik Johnson.
8:43 of 3rd period - Shot Misses the Net.
8:45 of 3rd period - Shot by Nico Sturm.
8:45 of 3rd period - Stopped by Filip Gustavsson without a rebound.
8:46 of 3rd period - Nicolas Roy wins face-off versus Nick Suzuki in VANCOUVER VOODOO zone.
8:46 of 3rd period - Nicolas Roy is hit by Reyley Smith.
9:01 of 3rd period - Icing by Braden Schneider.
9:02 of 3rd period - Nicolas Roy wins face-off versus Frederick Gaudreau in VANCOUVER VOODOO zone.
9:09 of 3rd period - Icing by Jordan Kyrou.
9:10 of 3rd period - Radek Faksa wins face-off versus Frederick Gaudreau in NORTH DAKOTA HAWKS zone.
9:13 of 3rd period - Shot by Radek Faksa.
9:13 of 3rd period - Deflect By Josh Bailey.
9:13 of 3rd period - Stopped by Scott Wedgewood with a rebound.
9:52 of 3rd period - Off-side.
9:53 of 3rd period - Nicolas Roy wins face-off versus Nick Suzuki in neutral zone.
10:57 of 3rd period - Shot by Josh Anderson.
10:57 of 3rd period - Stopped by Scott Wedgewood without a rebound.
10:58 of 3rd period - Christian Dvorak wins face-off versus Frederick Gaudreau in NORTH DAKOTA HAWKS zone.
10:58 of 3rd period - Jonathan Drouin is hit by Mathew Dumba and loses puck.
11:23 of 3rd period - Shot by Jason Robertson.
11:23 of 3rd period - Stopped by Filip Gustavsson without a rebound.
11:24 of 3rd period - Radek Faksa wins face-off versus Nico Sturm in VANCOUVER VOODOO zone.
11:43 of 3rd period - Emil Bemstrom is hit by Radek Faksa and loses puck.
12:23 of 3rd period - Shot by Jonathan Drouin.
12:23 of 3rd period - Stopped by Scott Wedgewood with a rebound.
13:17 of 3rd period - Shot by Jake DeBrusk.
13:17 of 3rd period - Shot Misses the Net.
13:29 of 3rd period - Shot by Rafael Harvey-Pinard.
13:29 of 3rd period - Stopped by Scott Wedgewood without a rebound.
13:30 of 3rd period - Radek Faksa wins face-off versus Frederick Gaudreau in NORTH DAKOTA HAWKS zone.
13:37 of 3rd period - Frederick Gaudreau is hit by Radek Faksa and loses puck.
13:51 of 3rd period - Jordan Kyrou is hit by Logan Stanley and loses puck.
14:02 of 3rd period - Shot by Jason Robertson.
14:02 of 3rd period - Shot Misses the Net.
14:04 of 3rd period - Shot by Frederick Gaudreau.
14:04 of 3rd period - Stopped by Filip Gustavsson without a rebound.
14:05 of 3rd period - Reyley Smith wins face-off versus Christian Dvorak in VANCOUVER VOODOO zone.
14:06 of 3rd period - Shot by Jake DeBrusk.
14:06 of 3rd period - Shot Misses the Net.
14:21 of 3rd period - Icing by Jordan Harris.
14:22 of 3rd period - Christian Dvorak wins face-off versus Alex Belzile in VANCOUVER VOODOO zone.
14:40 of 3rd period - Shot by Jonathan Drouin.
14:40 of 3rd period - Stopped by Scott Wedgewood without a rebound.
14:41 of 3rd period - Nicolas Roy wins face-off versus Reyley Smith in NORTH DAKOTA HAWKS zone.
15:04 of 3rd period - Shot by Reyley Smith.
15:04 of 3rd period - Shot Misses the Net.
15:19 of 3rd period - Shot by Nick Suzuki.
15:19 of 3rd period - Shot Misses the Net.
16:17 of 3rd period - Shot by Jordan Kyrou.
16:17 of 3rd period - Shot Misses the Net.
16:19 of 3rd period - Shot by Ryan Lindgren.
16:19 of 3rd period - Shot Misses the Net.
16:21 of 3rd period - Shot by Frederick Gaudreau.
16:21 of 3rd period - Goal by Frederick Gaudreau - VANCOUVER VOODOO : 1 - NORTH DAKOTA HAWKS : 3.
16:22 of 3rd period - Nico Sturm wins face-off versus Radek Faksa in neutral zone.
18:05 of 3rd period - Shot by Jordan Kyrou.
18:05 of 3rd period - Shot Blocked by Cole Sillinger.
18:09 of 3rd period - Shot by Jason Robertson.
18:09 of 3rd period - Shot Blocked by Callan Foote.
18:13 of 3rd period - Shot by Frederick Gaudreau.
18:13 of 3rd period - Stopped by Filip Gustavsson without a rebound.
18:14 of 3rd period - Christian Dvorak wins face-off versus Nick Suzuki in VANCOUVER VOODOO zone.
18:16 of 3rd period - Icing by Jonathan Drouin.
18:17 of 3rd period - Christian Dvorak wins face-off versus Jake DeBrusk in VANCOUVER VOODOO zone.
18:24 of 3rd period - Jake DeBrusk is hit by Josh Anderson.
18:32 of 3rd period - Shot by Nick Suzuki.
18:32 of 3rd period - Shot Misses the Net.
18:34 of 3rd period - Shot by Jake DeBrusk.
18:34 of 3rd period - Stopped by Filip Gustavsson without a rebound.
18:35 of 3rd period - Radek Faksa wins face-off versus Frederick Gaudreau in VANCOUVER VOODOO zone.
19:31 of 3rd period - Shot by Jake DeBrusk.
19:31 of 3rd period - Stopped by Filip Gustavsson without a rebound.
19:32 of 3rd period - Christian Dvorak wins face-off versus Jake DeBrusk in VANCOUVER VOODOO zone.
19:59 of 3rd period - Shot by Nick Suzuki.
19:59 of 3rd period - Stopped by Filip Gustavsson without a rebound.
Goals for this period are 0 for VANCOUVER VOODOO vs 2 for NORTH DAKOTA HAWKS.
Shots for this period are 10 for VANCOUVER VOODOO vs 14 for NORTH DAKOTA HAWKS.


BLAKE
WHEELER
STEVEN
STAMKOS
DREW
DOUGHTY

EAST COAST

HOCKEY LEAGUE

  • 63.RHI2PIT5
  • 64.WOR4ATL3
  • 65.QUECHW
  • 66.CHATRV